 Dungeon Crawl Stone Soup version 0.29-a0-41-g89e12c0570 (webtiles) character file.

Game seed: 7299765464157852929

3147 JuliusFucik the Basher (level 9, -11/79 HPs)
             Began as a Minotaur Fighter on Feb 2, 2022.
             Was a Believer of Okawaru.
             Mangled by Grum (16 damage)
             ... on level 8 of the Dungeon on Feb 3, 2022.
             The game lasted 00:55:58 (9374 turns).

JuliusFucik the Basher (Minotaur Fighter)           Turns: 9374, Time: 00:55:59

Health: -11/79     AC: 16    Str: 23    XL:     9   Next: 62%
Magic:  8/8        EV:  6    Int:  5    God:    Okawaru [**....]
Gold:   283        SH:  5    Dex: 12    Spells: 8/8 levels left

rFire   . . .      SeeInvis .   s - +1 whip (freeze)
rCold   . . .      Faith    .   c - +0 buckler
rNeg    . . .      Spirit   .   r - +0 plate armour
rPois   .          Reflect  .   n - +1 hat {Will+}
rElec   .          Harm     .   k - scarf {repulsion}
rCorr   .          Rampage  .   l - +1 pair of gloves
Will    ++...                   (no boots)
Stlth   ..........              m - amulet of the acrobat
HPRegen 0.23/turn               f - ring of willpower
MPRegen 0.11/turn               (no ring)

@: mighty, repel missiles
A: horns 2, retaliatory headbutt
a: Renounce Religion, Heroism


You were on level 8 of the Dungeon.
You worshipped Okawaru.
Okawaru was pleased with you.
You visited 2 branches of the dungeon, and saw 9 of its levels.

You collected 283 gold pieces.

Inventory:

Hand Weapons
 a - a +0 flail
 s - a +1 whip of freezing (weapon)
 B - a +0 morningstar
Missiles
 j - 8 silver boomerangs (quivered)
 p - 5 atropa-tipped darts
 q - 3 throwing nets
 G - 9 boomerangs
Armour
 c - a +0 buckler (worn)
 k - a scarf of repulsion (worn)
 l - a +1 pair of gloves (worn)
 n - a +1 hat of willpower (worn)
 r - a +0 plate armour (worn)
Jewellery
 f - a ring of willpower (left hand)
 m - an amulet of the acrobat (around neck)
Wands
 x - a wand of iceblast (9)
 A - a wand of flame (18)
 D - a wand of digging (7)
Scrolls
 b - a scroll of enchant weapon
 h - a scroll of fear
 i - a scroll of amnesia
 t - 2 scrolls of noise
 C - a scroll of identify
 E - a scroll of enchant armour
Potions
 d - a potion of might
 e - a potion of invisibility
 g - a potion of brilliance
 o - a potion of curing
 u - a potion of haste
 w - a potion of berserk rage {unknown}
 F - 2 potions of flight {unknown}
 J - a potion of degeneration {unknown}


   Skills:
 + Level 7.5 Fighting
 + Level 8.9 Maces & Flails
 + Level 5.1 Throwing
 + Level 7.4 Armour
 + Level 7.4 Shields
 * Level 3.2 Evocations


You had 8 spell levels left.
You didn't know any spells.
Your spell library contained the following spells:

 Spells                   Type           Power      Damage    Failure   Level
 Apportation              Tloc           0%         N/A       100%        1
 Foxfire                  Conj/Fire      0%         2x1d4     100%        1
 Conjure Flame            Conj/Fire      0%         6-21      100%        3
 Gell's Gravitas          Tloc           0%         N/A       100%        3
 Ignite Poison            Fire/Tmut/Pois 0%         N/A       100%        3
 Inner Flame              Hex/Fire       0%         N/A       100%        3
 Mephitic Cloud           Conj/Pois/Air  0%         N/A       100%        3
 Teleport Other           Tloc           0%         N/A       100%        3
 Cause Fear               Hex            0%         N/A       100%        4
 Flame Wave               Conj/Fire      0%         2d4       100%        4
 Hailstorm                Conj/Ice       0%         3d3       100%        4
 Ice Form                 Ice/Tmut       0%         N/A       100%        4
 Freezing Cloud           Conj/Ice/Air   0%         6-21      100%        5
 Dispersal                Tloc           0%         N/A       100%        6
 Discord                  Hex            0%         N/A       100%        8
 Animate Skeleton         Necr           Unusable   N/A       N/A         1
 Summon Small Mammal      Summ           Unusable   N/A       N/A         1
 Simulacrum               Ice/Necr       Unusable   N/A       N/A         6

Dungeon Overview and Level Annotations

Branches:
Dungeon (8/15)             Temple (1/1) D:4
   Lair: D:8-11

Altars:
Ashenzari
Cheibriados
Dithmenos
Elyvilon
Fedhas
Gozag
Hepliaklqana
Kikubaaqudgha
Makhleb
Nemelex Xobeh
Okawaru
Qazlal
Ru
Sif Muna
Trog
Uskayaw
Vehumet
Wu Jian
Xom
Yredelemnul
Zin
The Shining One

Annotations:
D:8 Grum


Innate Abilities, Weirdness & Mutations

You have a pair of horns on your head.
You reflexively headbutt those who attack you in melee.


Message History

You hit the wolf. You freeze the wolf. Your headbutt misses the wolf.
The wolf is moderately wounded.
The wolf bites you.
Grum hits you from afar with a +1 spear!!
You whack the wolf! You freeze the wolf. You headbutt the wolf.
The wolf is almost dead.
You block the wolf's attack.
You barely miss the wolf.
The wolf is almost dead.
The wolf bites you.
* * * LOW HITPOINT WARNING * * *
You block Grum's attack. The wolf bites you.
* * * LOW HITPOINT WARNING * * *
You hit the wolf. You freeze the wolf.
You kill the wolf!
Okawaru accepts your kill.
You feel very mighty all of a sudden.
Grum hits you from afar with a +1 spear.
* * * LOW HITPOINT WARNING * * *
You feel better. You block Grum's attack. You block Grum's attack.
You barely miss Grum. You barely miss Grum. Grum closely misses you.
You furiously retaliate!
You headbutt Grum! You hit Grum. You freeze Grum.
Grum is moderately wounded.
Grum hits you with a +1 spear!!
* * * LOW HITPOINT WARNING * * *
You hit Grum. You freeze Grum.
Grum is heavily wounded.
You closely miss Grum.
Grum is heavily wounded.
Grum barely misses you. You furiously retaliate!
You headbutt Grum! You hit Grum. You freeze Grum. Your headbutt misses Grum.
Grum is almost dead.
You completely miss Grum.
Grum is almost dead.
Grum hits you with a +1 spear!
You die...

#.........
#.....<...
#.........
#.........
#†########
######†######
#........)..#
#.......g...#
#........@..#
#....<......#
#...........#
#........)..#
#########.###
#.#####
#.#...#
#.#.#.#
#)#.#.#


You could see Grum (strong).

Vanquished Creatures
  Pikel (D:3)
  The ghost of ahri the Poker, a novice GnCA of Dithmenos (D:5)
  A wyvern (D:7)
  Menkaure (D:4)
  2 orc warriors (D:6)
  3 sky beasts
  A black bear (D:6)
  An ogre (D:5)
  A centaur (D:7)
  2 wolves (D:8)
  2 lemures (D:3)
  A bullfrog (D:7)
  3 scorpions
  3 wights (D:8)
  A bullfrog zombie (D:6)
  2 hounds (D:5)
  A bullfrog skeleton (D:6)
  3 gnoll shamans
  3 orc priests
  A centaur skeleton (D:6)
  2 iguanas
  2 orc wizards
  Robin (D:4)
  16 gnolls
  5 adders
  A shadow imp (D:7)
  2 white imps (D:6)
  An ufetubus (D:6)
  2 worms
  A dart slug (D:3)
  13 orcs
  3 endoplasms
  2 giant cockroaches
  15 goblins
  6 hobgoblins
  3 jackals (D:5)
  4 kobolds
  2 quokkas
  7 ball pythons
  4 bats
  6 frilled lizards
  4 rats
136 creatures vanquished.

Vanquished Creatures (others)
  6 plants (D:1)
6 creatures vanquished.

Grand Total: 142 creatures vanquished

Notes
Turn   | Place    | Note
-------+----------+-------------------------------------------
     0 | D:1      | JuliusFucik the Minotaur Fighter began the quest for the
                  | Orb.
     0 | D:1      | Reached XP level 1. HP: 19/19 MP: 0/0
   314 | D:1      | Reached XP level 2. HP: 27/27 MP: 1/1
   478 | D:1      | Found a faded altar of an unknown god.
  1037 | D:2      | Reached XP level 3. HP: 33/33 MP: 2/2
  1124 | D:2      | Reached skill level 3 in Maces & Flails
  1294 | D:2      | Noticed a scorpion
  1306 | D:2      | Killed a scorpion
  1307 | D:2      | Reached skill level 1 in Throwing
  1307 | D:2      | Reached XP level 4. HP: 16/41 MP: 3/3
  2462 | D:3      | Noticed a scorpion
  2500 | D:3      | Killed a scorpion
  2500 | D:3      | HP: 2/41 [poisoned by a scorpion]
  2501 | D:3      | Reached skill level 4 in Maces & Flails
  2501 | D:3      | Reached XP level 5. HP: 3/47 MP: 4/4
  2784 | D:3      | Found a stormy altar of Qazlal.
  2785 | D:3      | Found a glowing silver altar of Zin.
  2787 | D:3      | Found a sacrificial altar of Ru.
  3779 | D:4      | Noticed Robin
  3804 | D:4      | Killed Robin
  4050 | D:4      | HP: 2/47 [gnoll (5)]
  4497 | D:4      | Noticed a lemure
  4497 | D:4      | Noticed a lemure
  4535 | D:3      | Killed a lemure
  4552 | D:3      | Killed a lemure
  4736 | D:4      | Noticed a lemure
  4737 | D:4      | Noticed Pikel
  4740 | D:4      | Noticed a lemure
  4776 | D:3      | Killed Pikel
  4777 | D:3      | Reached skill level 5 in Fighting
  4777 | D:3      | Reached skill level 5 in Maces & Flails
  4777 | D:3      | Reached skill level 5 in Armour
  4777 | D:3      | Reached skill level 5 in Shields
  4777 | D:3      | Reached XP level 6. HP: 47/56 MP: 5/5
  4777 | D:3      | Reached XP level 7. HP: 51/61 MP: 6/6
  4876 | D:4      | Noticed Menkaure
  4883 | D:4      | Killed Menkaure
  4884 | D:4      | Reached skill level 6 in Maces & Flails
  4907 | D:4      | Found a staircase to the Ecumenical Temple.
  4915 | Temple   | Entered the Ecumenical Temple
  5058 | Temple   | Became a worshipper of Warmaster Okawaru
  5569 | D:5      | Entered Level 5 of the Dungeon
  5886 | D:5      | Reached XP level 8. HP: 64/70 MP: 7/7
  5908 | D:5      | Noticed ahri's ghost (novice GnCA)
  5925 | D:5      | Found a runed translucent door.
  5969 | D:5      | Killed ahri's ghost
  5969 | D:5      | Reached * piety under Okawaru
  5970 | D:5      | Reached skill level 7 in Maces & Flails
  6199 | D:5      | Found a burning altar of Makhleb.
  6511 | D:5      | Identified the +0 ring mail of Axeotept {Str+3}
  6773 | D:6      | Reached ** piety under Okawaru
  6787 | D:5      | Reached skill level 8 in Maces & Flails
  7257 | D:6      | Reached XP level 9. HP: 77/78 MP: 8/8
  7425 | D:6      | Reached skill level 1 in Evocations
  8976 | D:8      | Reached skill level 5 in Throwing
  9344 | D:8      | Noticed Grum
  9374 | D:8      | Mangled by Grum

Illustrated notes

Levels and vault maps discovered:
D:1:      mrwooster_arrival_statue, layout_loops_ring, serial_forest,
          infiniplex_forest_clump_small, infiniplex_forest_straight_3,
          infiniplex_forest_split, infiniplex_forest_clump_small,
          infiniplex_forest_end_2, hellmonk_ecumenical_altar_heavens_door
D:2:      layout_basic
D:3:      layout_basic, grunt_temple_overflow_open, serial_park_tiny_2,
          minmay_misc_feat_tower, fountainhead
D:4:      layout_loops_corners, minmay_temple_entry_proselytizer, uniq_menkaure,
          uniq_robin, uniq_pikel
D:5:      layout_gridville, mainiacjoe_overflow_six_doors_small,
          hellmonk_ghost_happy_afterlife
D:6:      layout_basic
D:7:      layout_loops_ring
D:8:      layout_basic, uniq_grum
Temple:   dpeg_five_rooms_temple

Skill      XL: |  1  2  3  4  5  6  7  8  9 |
---------------+----------------------------+-----
Fighting       | 4 5 6 7 |  7.5
Armour         | 4 5 6 7 |  7.4
Shields        | 4 5 6 7 |  7.4
Maces & Flails | 3 4 5 6 8 |  8.9
Throwing       | 1 2 3 4 5 |  5.1
Evocations     | 3 |  3.2

Action                   |  1- 3 |  4- 6 |  7- 9 || total
-------------------------+-------+-------+-------++-------
Melee: Flail             |   120 |   119 |   184 ||   423
       Headbutt          |    28 |    15 |    61 ||   104
       Whip              |       |       |   125 ||   125
Throw: Stone             |       |     2 |       ||     2
       Boomerang         |       |       |    13 ||    13
Invok: Heroism           |       |       |     1 ||     1
  Use: Scroll            |       |     5 |    10 ||    15
       Potion            |       |     2 |     3 ||     5
Armor: Scale mail        |    42 |    21 |       ||    63
       Plate armour      |       |    31 |   122 ||   153
Dodge: Dodged            |    46 |    65 |    78 ||   189
       Repelled          |       |       |     2 ||     2
Block: Buckler           |    20 |    25 |    61 ||   106

Table legend: (Time is in decaauts)
 A = Elapsed time spent in this place.
 B = Non-inter-level travel time spent in this place.
 C = Inter-level travel time spent in this place.
 D = Time resting spent in this place.
 E = Time spent auto-exploring this place.
 F = Levels seen in this place.
 G = Mean time per level.
                   A        B        C        D        E       F      G
               +--------+--------+--------+--------+--------+-----+--------+
         Total |   9418 |   9310 |    108 |   2842 |   2172 |   9 | 1046.4 |
       Dungeon |   9137 |   9049 |     88 |   2842 |   2018 |   8 | 1142.1 |
        Temple |    280 |    260 |     20 |      0 |    154 |   1 |  280.0 |
               +--------+--------+--------+--------+--------+-----+--------+

Top non-repeatable levels by time:
     D:4: 2071 daAuts
     D:3: 1479 daAuts
     D:6: 1315 daAuts
     D:5: 1095 daAuts
     D:2: 982 daAuts
     D:1: 980 daAuts
     D:7: 730 daAuts
     D:8: 482 daAuts
  Temple: 280 daAuts
